 Dungeon Crawl Stone Soup version 0.30-a0-364-gf6b3ef1049 (webtiles) character file.

Game seed: 13104655326134133040

1549 zero the Magician (level 8, -1/54 HPs)
             Began as an Octopode Conjurer on Nov 15, 2022.
             Killed from afar by Dowan (24 damage)
             ... with a shard of ice
             ... on level 6 of the Dungeon.
             The game lasted 00:07:12 (7120 turns).

zero the Magician (Octopode Conjurer)               Turns: 7120, Time: 00:07:12

Health: -1/54      AC:  1    Str:  6    XL:     8   Next: 87%
Magic:  12/17      EV: 18    Int: 28    God:
Gold:   338        SH:  0    Dex: 11    Spells: 12/19 levels left

rFire   . . .      SeeInvis .    (no weapon)
rCold   . . .      Faith    .    (no shield)
rNeg    . . .      Spirit   .    (helmet restricted)
rPois   .          Reflect  .    (no amulet)
rElec   .          Harm     .    b - +6 ring of intelligence
rCorr   .          Rampage  .    i - ring of wizardry
Will    .....                    m - +4 ring of evasion
Stlth   +++.......               (no ring)
HPRegen 0.29/turn                (no ring)
MPRegen 0.15/turn                (no ring)
                                 (no ring)
                                 (no ring)

@: no status effects
A: almost no armour, amphibious, 8 rings, camouflage 1, gelatinous body 1,
(nimble swimmer 1), tentacles
a: no special abilities


You were on level 6 of the Dungeon.
You visited 1 branch of the dungeon, and saw 6 of its levels.

You collected 338 gold pieces.

Inventory:

Missiles
 t - a throwing net
Jewellery
 b - a +6 ring of intelligence (left tentacle)
 i - a ring of wizardry (right tentacle)
 m - a +4 ring of evasion (on tentacle)
Wands
 v - a wand of digging (7)
Scrolls
 d - a scroll of brand weapon
 g - 3 scrolls of fear
Potions
 a - 3 potions of flight
 c - a potion of lignification
 e - 4 potions of brilliance
 f - a potion of resistance
 h - a potion of mutation {unknown}
 j - a potion of attraction {unknown}
 l - 2 potions of might
 n - 3 potions of haste
 o - a potion of cancellation
 r - a potion of curing
 u - 2 potions of berserk rage


   Skills:
 - Level 4.0 Fighting
 - Level 4.0 Dodging
 - Level 3.0 Stealth
 + Level 6.1 Spellcasting
 + Level 5.9 Conjurations
 + Level 4.8 Translocations


You had 12 spell levels left.
You knew the following spells:

 Your Spells              Type           Power      Damage    Failure   Level
a - Magic Dart            Conj           100%       1d8       1%          1
b - Searing Ray           Conj           84%        2d7       1%          2
c - Iskenderun's Mystic   Conj/Tloc      38%        2d9       2%          4

Your spell library contained the following spells:

 Spells                   Type           Power      Damage    Failure   Level
 Dazzling Flash           Conj/Hex       50%        N/A       2%          3
 Fulminant Prism          Conj/Hex       12%        3d8       7%          4
 Frozen Ramparts          Ice            16%        1d3       8%          3
 Ice Form                 Ice/Tmut       8%         N/A       24%         4
 Summon Ice Beast         Ice/Summ       8%         N/A       24%         4


Dungeon Overview and Level Annotations

Branches:
Dungeon (6/15)
 Temple: D:4-7

Altars:
Xom
The Shining One

Annotations:
D:5 Eustachio
D:6 Dowan


Innate Abilities, Weirdness & Mutations

You cannot wear most types of armour.
You are amphibious.
You can wear up to eight rings at the same time.
Your skin changes colour to match your surroundings (Stealth+).
Your rubbery body absorbs attacks. (AC +1, EV +1)
((You are camouflaged when in or above water. (Stealth+)))
You have tentacles for arms and can constrict up to eight enemies at once.


Message History

Found a stone staircase leading down.
No target in view!
Things that are here:
a +0 ring mail; a +0 rapier; the elf skeleton of Duvessa Done exploring.
No target in view!
Done exploring.
No target in view!
Done exploring.
(D) Dungeon
Where to? (Enter - D:6, ? - help) Dowan is nearby!
The magic dart hits Dowan.
Dowan is lightly wounded.
Dowan shouts!
Dowan says, "Her death will not be in vain!"
You can't see any susceptible monsters within range! (Use Z to cast anyway.) Dowan casts a spell.
Dowan blinks!
Dowan gestures at you while chanting. The shard of ice hits you!!
Casting: Magic Dart (safe; 1% risk of failure)
Confirm with . or Enter, or press ? or * to list all spells.
Aiming: Searing Ray (safe; 1% risk of failure)
Press: ? - help, Shift-Dir - straight line, f/p - Dowan
Aim: Dowan, wielding a +3 dagger and wearing a +1 robe of positive energy (lightly wounded, fast, 75% to hit)
The searing ray hits Dowan!
Dowan is moderately wounded. (Press . to maintain the ray.)
The searing ray misses Dowan.
Dowan hits you with a +3 dagger. Dowan hits you with a +3 dagger!
The searing ray hits Dowan!
Dowan is severely wounded.
Dowan mumbles some strange words.
Dowan blinks!
You are too injured to fight recklessly!
You finish channelling your searing ray.
Dowan casts a spell at you. The shard of ice hits you!!
You die...

.).).....##..### #....##
.........###.#####..#.##
.........##.........#..###
.......#.....###e...#....#
.............####.#####..#
.......##.....# #.# #..####
.......##.....###.####.....##
.......##......##..##.#.....#
.......##........@....##....#
...............#####...#....#
.......##......### ##.....###
..........##.....###......#
......#..####....#.....####
....#....#.#...#.#e....#
..####...#.....#...##..#
#######.............#..#
####.#.#....##.........#


You could see Dowan (fast).

Vanquished Creatures
  3 ogres
  A kobold brigand (D:6)
  A bullfrog (D:6)
  A gnoll sergeant (D:6)
  A scorpion (D:4)
  2 killer bees (D:6)
  A howler monkey (D:4)
  A hound (D:6)
  2 jellies (D:5)
  A gnoll bouda (D:6)
  5 orc priests
  2 iguanas
  3 orc wizards
  9 adders
  16 gnolls
  An ufetubus (D:5)
  A worm (D:2)
  5 dart slugs
  17 orcs
  11 ball pythons
  4 endoplasms
  6 giant cockroaches
  15 goblins
  5 hobgoblins
  2 jackals (D:5)
  2 quokkas (D:3)
  4 bats
  2 frilled lizards
  8 kobolds
  5 rats
137 creatures vanquished.

Vanquished Creatures (collateral kills)
  Duvessa (D:6)
  A killer bee (D:6)
2 creatures vanquished.

Vanquished Creatures (others)
  6 plants (D:3)
6 creatures vanquished.

Grand Total: 145 creatures vanquished

Notes
Turn   | Place    | Note
-------+----------+-------------------------------------------
     0 | D:1      | zero the Octopode Conjurer began the quest for the Orb.
     0 | D:1      | Reached XP level 1. HP: 11/11 MP: 3/3
   105 | D:1      | Reached XP level 2. HP: 13/18 MP: 0/5
   223 | D:1      | Reached skill level 1 in Fighting
   502 | D:1      | Learned a level 2 spell: Searing Ray
   536 | D:1      | Reached XP level 3. HP: 23/23 MP: 1/7
   752 | D:1      | Reached skill level 3 in Spellcasting
  1065 | D:2      | Identified the +5 ring mail "Zeplaenn" {rN+ Int+4}
  1635 | D:2      | You fall into a shaft and drop 2 floors!
  1656 | D:3      | Reached XP level 4. HP: 29/29 MP: 6/9
  1661 | D:3      | Learned a level 4 spell: Iskenderun's Mystic Blast
  1817 | D:3      | Reached skill level 4 in Spellcasting
  2009 | D:3      | Reached XP level 5. HP: 34/34 MP: 7/11
  2686 | D:3      | Reached skill level 1 in Translocations
  3164 | D:4      | Reached XP level 6. HP: 41/41 MP: 4/12
  3744 | D:4      | Reached XP level 7. HP: 6/45 MP: 5/14
  3926 | D:4      | Identified the +4 ring mail "Inlaf" {rElec Str+4 Int+4}
  4206 | D:4      | Reached skill level 5 in Spellcasting
  4373 | D:5      | Entered Level 5 of the Dungeon
  4374 | D:5      | Noticed Eustachio
  4981 | D:5      | Found a shimmering altar of Xom.
  5141 | D:5      | Found a glowing golden altar of the Shining One.
  5463 | D:5      | Reached XP level 8. HP: 14/52 MP: 0/15
  5606 | D:6      | Reached skill level 5 in Conjurations
  6154 | D:6      | Noticed Dowan
  6424 | D:6      | Noticed Duvessa
  6622 | D:6      | Killed Duvessa
  6623 | D:6      | Reached skill level 6 in Spellcasting
  7120 | D:6      | Killed from afar by Dowan

Illustrated notes

Levels and vault maps discovered:
D:1:      wander_arrival_chamber, layout_rooms
D:2:      layout_loops_corners
D:3:      layout_rooms, nicolae_grassy_gnolls
D:4:      layout_loops_ring, minmay_cut_off
D:5:      layout_basic, mainiacjoe_overflow_six_doors_small, xom_teletrap_fun,
          uniq_eustachio
D:6:      layout_cave_pools, uniq_duvessa

Skill      XL: |  1  2  3  4  5  6  7  8 |
---------------+-------------------------+-----
Fighting       | 1 2 3 4 |  4.0
Spellcasting   | 3 4 5 6 |  6.1
Translocations | 1 2 3 4 |  4.8
Dodging        | 3 4 |  4.0
Stealth        | 3 |  3.0
Conjurations   | 5 |  5.9

Action                   |  1- 3 |  4- 6 |  7- 9 || total
-------------------------+-------+-------+-------++-------
Melee: Unarmed           |    24 |     8 |     4 ||    36
       Constrict         |     9 |     7 |       ||    16
       Tentacles         |     5 |     5 |     2 ||    12
 Cast: Magic Dart        |    61 |    67 |    54 ||   182
       Searing Ray       |     1 |    11 |    31 ||    43
       Iskenderun's Myst |       |       |     6 ||     6
  Use: Scroll            |     2 |     1 |    10 ||    13
       Potion            |     1 |       |     2 ||     3
 Stab: Sleeping          |     1 |     1 |       ||     2
Armor: Skin              |     3 |     2 |     2 ||     7
Dodge: Dodged            |    48 |    34 |    65 ||   147

Table legend: (Time is in decaauts)
 A = Elapsed time spent in this place.
 B = Non-inter-level travel time spent in this place.
 C = Inter-level travel time spent in this place.
 D = Time resting spent in this place.
 E = Time spent auto-exploring this place.
 F = Levels seen in this place.
 G = Mean time per level.
                   A        B        C        D        E       F      G
               +--------+--------+--------+--------+--------+-----+--------+
         Total |   7121 |   6895 |    226 |   2447 |   3524 |   6 | 1186.8 |
       Dungeon |   7121 |   6895 |    226 |   2447 |   3524 |   6 | 1186.8 |
               +--------+--------+--------+--------+--------+-----+--------+

Top non-repeatable levels by time:
     D:5: 1679 daAuts
     D:4: 1488 daAuts
     D:2: 1312 daAuts
     D:6: 1070 daAuts
     D:1: 889 daAuts
     D:3: 681 daAuts
